 Dungeon Crawl Stone Soup version 0.22-a0-479-gc6e99f3 (webtiles) character file.

4837 Gildeon the Cleaver (level 10, -9/81 HPs)
             Began as a Minotaur Fighter on June 14, 2018.
             Was a High Priest of Okawaru.
             Splashed by Maurice's acid (17 damage)
             ... on level 8 of the Dungeon.
             The game lasted 00:29:00 (6548 turns).

Gildeon the Cleaver (Minotaur Fighter)              Turns: 6548, Time: 00:29:01

Health: -9/81      AC: 11    Str: 26    XL:     10   Next: 25%
Magic:  10/10      EV:  9    Int:  6    God:    Okawaru [*****.]
Gold:   315        SH: 12    Dex: 12    Spells: 9/9 levels left

rFire    . . .     SeeInvis .   a - +0 war axe
rCold    + . .     Gourm    .   c - +0 shield
rNeg     . . .     Faith    .   j - +4 plate armour {rPois}
rPois    +         Spirit   .   (helmet restricted)
rElec    .         Reflect  .   k - +0 cloak
rCorr    .         Harm     .   (no gloves)
MR       .....                  (no boots)
Stlth    ..........             (no amulet)
HPRegen  0.23/turn              b - ring of wizardry
MPRegen  0.12/turn              m - ring of ice

@: mighty, corroded
A: retaliatory headbutt, hooves 1, horns 2, icy blue scales 1, fire resistance
1, sturdy frame 1
a: Heroism, Finesse, Renounce Religion


You were on level 8 of the Dungeon.
You worshipped Okawaru.
Okawaru was extremely pleased with you.
You were not hungry.

You visited 2 branches of the dungeon, and saw 9 of its levels.
You also visited: Sewer.

You collected 315 gold pieces.

Inventory:

Hand Weapons
 a - a +0 war axe (weapon)
 w - a +0 flail
Armour
 c - a +0 shield (worn)
 j - a +4 plate armour of poison resistance (worn)
 k - a +0 cloak (worn)
Jewellery
 b - a ring of wizardry (left hand)
 m - a ring of ice (right hand)
Wands
 l - a wand of acid (8)
Scrolls
 q - a scroll of fear
 s - a scroll of remove curse
Potions
 d - a potion of might
 e - a potion of haste
 g - a potion of resistance
 h - a potion of flight {unknown}
 n - 2 potions of magic
 o - a potion of heal wounds {unknown}
 p - 3 potions of curing
 t - 4 potions of brilliance {unknown}
 v - a potion of degeneration {unknown}
Comestibles
 f - 8 rations
 r - 6 chunks of flesh


   Skills:
 - Level 5.0 Fighting
 * Level 12.6 Axes
 - Level 5.0 Armour
 - Level 5.0 Dodging
 + Level 9.8 Shields
 + Level 0.1 Spellcasting
 - Level 2.4 Invocations
 - Level 2.3 Evocations


You had 9 spell levels left.
You didn't know any spells.
Your spell library contained the following spells:

 Spells                   Type           Power        Failure   Level  Hunger
 Magic Dart               Conj           #...         95%         1    ##.....
 Conjure Flame            Conj/Fire      #.......     100%        3    ####...
 Slow                     Hex            #.......     98%         2    ###....
 Mephitic Cloud           Conj/Pois/Air  #.......     100%        3    ####...
 Blink                    Tloc           N/A          98%         2    ###....
 Call Imp                 Summ           #.......     98%         2    ###....
 Stone Arrow              Conj/Erth      #.....       100%        3    ####...
 Passwall                 Tmut/Erth      #.......     98%         2    ###....
 Lee's Rapid Deconstruct  Erth           #.........   100%        5    ######.
 Sandblast                Erth           #.....       95%         1    ##.....
 Petrify                  Tmut/Erth      #.......     100%        4    #####..


Dungeon Overview and Level Annotations

Branches:
Dungeon (8/15)             Temple (1/1) D:4            Lair (0/6) D:8

Altars:
Ashenzari
Cheibriados
Dithmenos
Elyvilon
Fedhas
Gozag
Hepliaklqana
Kikubaaqudgha
Makhleb
Nemelex Xobeh
Okawaru
Qazlal
Ru
Sif Muna
Trog
Uskayaw
Vehumet
Wu Jian
Xom
Yredelemnul
Zin
The Shining One

Shops:
D:4 *

Annotations:
D:8 Grum, Maurice


Innate Abilities, Weirdness & Mutations

You reflexively headbutt those who attack you in melee.
You have a pair of horns on your head.
You have large cloven feet.
You are partially covered in icy blue scales. (AC +2)
Your flesh is heat resistant. (rF+)
Your movements are slightly less encumbered by armour. (ER -2)


Message History

Something hits you but does no damage.
You hear a zap.
A bolt of acid appears from out of thin air!
The bolt of acid hits you!
* * * LOW HITPOINT WARNING * * *
You are splashed with acid!
The acid burns!
* * * LOW HITPOINT WARNING * * *
Something hits you but does no damage.
It was a potion of curing.
You feel better. You block something's attack.
You feel very mighty all of a sudden. You block something's attack.
You miss something. Your kick misses something. Your headbutt misses something.
Something hits you but does no damage.
You miss something. Your headbutt misses something.
You hear a zap.
A bolt of acid appears from out of thin air!
The bolt of acid hits you!
* * * LOW HITPOINT WARNING * * *
The acid corrodes you!
You are splashed with acid!
The acid burns!
You die...

,,,**,* **,**,*
**,**,****
*,**,,,,**##*
*,,,,,,,,,..*
*******,**#.* #.* #.*
#.###.######
#....#..{@.# ***
#..*#.####.# ,,**
#..*#.# #.#
**,#####..##y# #.#
*,........#)# #.#
**,.......)..# #.#
,,*....#...[#####.####
,*,#.....y...........#
,,*#)..#....#####.##.#


There were no monsters in sight!

Vanquished Creatures
  A two-headed ogre (D:8)
  The ghost of Zorot the Fighter, a novice DsGl of Makhleb (D:7)
  A komodo dragon (D:8)
  Eustachio (D:6)
  An orc warrior (D:8)
  A black bear (D:8)
  2 sky beasts
  2 ice beasts
  A necrophage (D:5)
  2 wolves
  6 ogres
  3 big kobolds (Sewer)
  4 bullfrogs
  4 killer bees (D:8)
  3 wights (D:6)
  3 crimson imps
  A bullfrog zombie (D:5)
  6 hounds
  3 orc priests
  A jelly (D:8)
  2 orc wizards
  2 bullfrog skeletons
  4 iguanas
  4 worker ants
  A howler monkey zombie (D:8)
  A worker ant zombie (D:8)
  11 gnolls
  9 adders
  4 shadow imps
  3 oozes (Sewer)
  4 worms
  2 dart slugs
  3 leopard geckos
  14 orcs
  6 ball pythons
  9 giant cockroaches
  7 goblins
  6 hobgoblins
  3 jackals (D:5)
  9 kobolds
  A quokka (D:6)
  5 bats
  7 frilled lizards
  A jackal skeleton (D:4)
  A leopard gecko skeleton (D:7)
  2 leopard gecko zombies
  A quokka zombie (D:6)
  12 rats
  A plant (D:8)
182 creatures vanquished.

Vanquished Creatures (others)
  2 plants (D:8)
2 creatures vanquished.

Grand Total: 184 creatures vanquished

Notes
Turn   | Place    | Note
-------+----------+-------------------------------------------
     0 | D:1      | Gildeon the Minotaur Fighter began the quest for the Orb.
     0 | D:1      | Reached XP level 1. HP: 19/19 MP: 0/0
   281 | D:1      | Reached XP level 2. HP: 27/27 MP: 1/1
   639 | D:1      | Reached skill level 3 in Axes
   832 | D:2      | Reached skill level 1 in Dodging
   832 | D:2      | Reached XP level 3. HP: 25/33 MP: 2/2
  1040 | D:2      | Reached XP level 4. HP: 39/40 MP: 3/3
  1516 | D:2      | Gained mutation: Your flesh is heat resistant. (rF+) [potion of mutation]
  1516 | D:2      | Gained mutation: You are frail. (-10% HP) [potion of mutation]
  1516 | D:2      | Gained mutation: Your mind is acute. (Int +2) [potion of mutation]
  1516 | D:2      | Gained mutation: You are partially covered in icy blue scales. (AC +2) [potion of mutation]
  1759 | D:3      | Reached skill level 4 in Axes
  1864 | D:3      | Noticed a bullfrog
  1874 | D:3      | Killed a bullfrog
  1874 | D:3      | Reached XP level 5. HP: 34/42 MP: 4/4
  2447 | D:4      | Reached XP level 6. HP: 47/47 MP: 5/5
  2451 | D:4      | Found a staircase to the Ecumenical Temple.
  2485 | D:4      | Reached skill level 5 in Axes
  2490 | Temple   | Entered the Ecumenical Temple
  2594 | Temple   | Became a worshipper of Warmaster Okawaru
  2746 | D:4      | Reached skill level 5 in Fighting
  2746 | D:4      | Reached skill level 5 in Shields
  2796 | D:4      | Found Gozag's Platinum Reserve.
  2796 | D:4      | Found an opulent altar of Gozag.
  3026 | D:5      | Entered Level 5 of the Dungeon
  3059 | D:5      | Reached skill level 5 in Armour
  3086 | D:5      | Reached * piety under Okawaru
  3086 | D:5      | Reached XP level 7. HP: 22/54 MP: 6/6
  3110 | D:5      | Lost mutation: Your mind is acute. (Int +2) [potion of mutation]
  3110 | D:5      | Lost mutation: You are frail. (-10% HP) [potion of mutation]
  3110 | D:5      | Gained mutation: You have large cloven feet. [potion of mutation]
  3110 | D:5      | Gained mutation: Your movements are slightly less encumbered by armour. (ER -2) [potion of mutation]
  3125 | D:5      | Reached skill level 6 in Axes
  3163 | D:5      | Found a glowing drain.
  3167 | Sewer    | Entered a sewer
  3223 | Sewer    | Reached skill level 7 in Axes
  3335 | Sewer    | Reached ** piety under Okawaru
  3470 | D:5      | Reached XP level 8. HP: 65/68 MP: 7/7
  3542 | D:5      | Reached skill level 8 in Axes
  4226 | D:6      | Reached skill level 5 in Dodging
  4439 | D:6      | Reached skill level 9 in Axes
  4646 | D:6      | Found a shadowy altar of Dithmenos.
  4694 | D:6      | Noticed Eustachio
  4702 | D:6      | Killed Eustachio
  4702 | D:6      | Reached *** piety under Okawaru
  4926 | D:7      | Noticed Zorot's ghost (novice DsGl)
  4937 | D:7      | Killed Zorot's ghost
  4937 | D:7      | Reached skill level 10 in Axes
  4937 | D:7      | Reached XP level 9. HP: 60/74 MP: 8/8
  5036 | D:7      | Reached skill level 11 in Axes
  5400 | D:7      | Reached skill level 1 in Invocations
  5735 | D:8      | Reached **** piety under Okawaru
  5746 | D:8      | Found a staircase to the Lair.
  5747 | D:8      | Noticed a komodo dragon
  5763 | D:8      | Noticed Grum
  5764 | D:8      | Killed a komodo dragon
  5934 | D:8      | Reached skill level 12 in Axes
  5934 | D:8      | Reached skill level 1 in Evocations
  5982 | D:8      | Reached XP level 10. HP: 20/81 MP: 10/10
  6382 | D:8      | Noticed a two-headed ogre
  6392 | D:8      | Killed a two-headed ogre
  6392 | D:8      | Reached ***** piety under Okawaru
  6526 | D:8      | Noticed Maurice
  6548 | D:8      | Splashed by Maurice's acid

Vault maps used:
D:1:      dpeg_arrival_tiny_a
D:2:      kennysheep_generic_room_3
D:3:      first_ration
D:4:      nicolae_gozag_zags_fifth_avenue, minmay_temple_entry_glass
D:5:      gup_sewer_entry_bowl
D:6:      minivault_4, nicolae_dithmenos_shadow_blocks, uniq_eustachio
D:8:      david_lair_shrubbed, uniq_grum, uniq_maurice
Temple:   kilobyte_greek_temple
Sewer:    sewer_co_15_rooms

Skill      XL: |  1  2  3  4  5  6  7  8  9 10 |
---------------+-------------------------------+-----
Axes           | 3 4 5 7 10 12 | 12.6
Fighting       | 4 5 |  5.0
Dodging        | 1 2 3 4 5 |  5.0
Shields        | 4 5 6 8 9 |  9.8
Armour         | 4 5 |  5.0
Invocations    | 2 |  2.4
Evocations     | 1 2 |  2.3
Spellcasting   | |  0.1

Action                   |  1- 3 |  4- 6 |  7- 9 | 10-12 || total
-------------------------+-------+-------+-------+-------++-------
Melee: War axe           |    96 |   144 |   269 |    56 ||   565
       Headbutt          |    13 |    28 |    44 |     7 ||    92
       Kick              |       |       |    80 |    12 ||    92
  Use: Scroll            |     2 |     8 |    12 |     1 ||    23
       Potion            |       |     1 |     7 |     2 ||    10
  Eat: Chunk             |     1 |     3 |     4 |     1 ||     9
       Ration            |       |     1 |     2 |       ||     3
Armor: Scale mail        |     8 |       |       |       ||     8
       Plate armour      |    58 |    93 |    88 |    30 ||   269
Dodge: Dodged            |    20 |    31 |    67 |    16 ||   134
Block: Shield            |    58 |    77 |   146 |    42 ||   323

Table legend:
 A = Spawn XP
 B = Non-spawn XP
 C = Spawn XP percentage of total XP
 D = Spawn monster count
 E = Non-spawn monster count
 F = Spawn count percentage of total count
 G = Total turns spent on level
                    A         B        C        D         E        F      G
               +---------+---------+-------+---------+---------+-------+---------
         Total |       0 |    6911 |   0.0 |       0 |     181 |   0.0 |  6548
               +---------+---------+-------+---------+---------+-------+---------
           D:1 |       0 |      25 |   0.0 |       0 |      16 |   0.0 |   820
           D:2 |       0 |     113 |   0.0 |       0 |      30 |   0.0 |   735
           D:3 |       0 |     181 |   0.0 |       0 |      20 |   0.0 |   819
           D:4 |       0 |     319 |   0.0 |       0 |       9 |   0.0 |   508
           D:5 |       0 |     986 |   0.0 |       0 |      32 |   0.0 |   933
           D:6 |       0 |     823 |   0.0 |       0 |      15 |   0.0 |   701
           D:7 |       0 |    1565 |   0.0 |       0 |      16 |   0.0 |  1174
           D:8 |       0 |    2574 |   0.0 |       0 |      26 |   0.0 |   452
         Sewer |       0 |     325 |   0.0 |       0 |      17 |   0.0 |   262
               +---------+---------+-------+---------+---------+-------+---------
